Map: Récif abyssal EC

Players

KungMarco - Winner!

  • Race: Protoss Protoss
  • League: Gold
  • Spawn Location: 5:00

zidar

  • Race: Zerg Zerg
  • League: Gold
  • Spawn Location: 11:00

VOD

Have the link to the VOD?

Description

Time

  • Played on: July 8, 2017, 3:09 p.m.
  • Length: 3:40
Show
View Real Time Build Order
Export as new Build Order

KungMarco Protoss - Winner!

Build Orders: Cannon Rush 

Get SALT Encoding   

  12  0:07  Probe (Chrono Boost)  
  13  0:18  Probe (Chrono Boost)  
  14  0:26  Pylon  
  15  0:28  Probe (Chrono Boost)  
  15  0:45  Probe (Chrono Boost)  
  15  0:46  Forge  
  16  0:54  Assimilator  
  16  0:55  Probe (Chrono Boost)  
  17  1:06  Probe (Chrono Boost)  
  18  1:27  Pylon  
  19  1:32  Probe (Chrono Boost)  
  19  1:43  Probe (Chrono Boost)  
  20  1:49  Photon Cannon  
  20  1:50  Photon Cannon  
  20  1:54  Photon Cannon  
  20  2:05  Pylon  
  20  2:24  Photon Cannon  
  20  2:26  Photon Cannon  
  20  2:43  Photon Cannon  
  20  3:02  Photon Cannon  
  19  3:24  Photon Cannon  
  19  3:26  Photon Cannon  
  19  3:27  Photon Cannon, Pylon  
  19  3:28  Pylon  
  19  3:36  Pylon  
Show
View Real Time Build Order
Export as new Build Order

zidar Zerg 

Build Orders: Pool First 

Get SALT Encoding   

  12  0:01  Drone  
  13  0:12  Overlord  
  13  0:17  Drone  
  14  0:30  Drone  
  14  0:31  Drone  
  14  0:34  Drone  
  17  0:50  Spawning Pool  
  17  0:51  Drone  
  17  1:16  Extractor  
  16  1:30  Hatchery  
  14  1:56  Zergling x2  
  14  1:57  Zergling x4  
  10  2:44  Zergling x6  
  10  3:18  Drone x3  
  10  3:19  Roach Warren  
Tags
 
Add a new tag
Caveats
  • Supply blocks, unpowered buildings, or Contaminate may cause inaccurate times.
  • Supply counts are checked every 10 seconds.